Map: [ESL] Equilibrium

Players

Clem - Winner!

  • Race: Terran Terran
  • Spawn Location: 1:00

Solar

  • Race: Zerg Zerg
  • Spawn Location: 11:00

Event: IEM Katowice 2024

VOD

Have the link to the VOD?

Description

Time

  • Played on: Feb. 10, 2024, 10:23 a.m.
  • Length: 26:30

All games in this series

Show
View Real Time Build Order
Export as new Build Order

Clem Terran - Winner!

Build Orders: Reaper Expand 

Get SALT Encoding   

  12  0:00  SCV  
  13  0:12  SCV  
  14  0:17  Supply Depot  
  14  0:24  SCV  
  15  0:38  SCV  
  15  0:40  Barracks  
  16  0:43  Refinery  
  16  0:50  SCV  
  17  1:02  SCV  
  18  1:14  SCV  
  19  1:26  Reaper  
  19  1:27  Orbital Command  
  20  1:38  Command Center  
  20  1:46  Supply Depot  
  20  1:52  SCV  
  21  1:58  Marine  
  22  2:04  SCV  
  23  2:10  Factory  
  23  2:16  SCV  
  23  2:19  Barracks Reactor  
  24  2:28  SCV  
  25  2:39  Command Center  
  25  2:40  SCV  
  26  2:50  Orbital Command  
  26  2:53  SCV  
  27  2:59  Starport  
  27  3:03  Refinery  
  27  3:08  SCV  
  27  3:10  Hellion  
  30  3:15  Hellion  
  30  3:16  SCV  
  33  3:20  SCV  
  33  3:25  Barracks Tech Lab  
  34  3:28  SCV  
  34  3:32  SCV  
  34  3:34  Hellion  
  38  3:36  Hellion  
  38  3:40  Viking  
  42  3:43  Marine  
  42  3:44  SCV  
  42  3:46  SCV  
  45  3:51  Orbital Command  
  45  3:54  Stimpack  
  45  3:57  SCV  
  45  3:58  SCV  
  45  4:02  Hellion  
  49  4:05  Hellion  
  49  4:09  SCV  
  52  4:10  SCV  
  52  4:12  Liberator  
  52  4:15  Marine  
  57  4:18  SCV  
  57  4:21  SCV  
  57  4:22  SCV  
  60  4:26  Supply Depot  
  60  4:28  Supply Depot  
  60  4:30  SCV  
  61  4:33  Barracks  
  61  4:35  Factory Reactor  
  61  4:36  Barracks  
  61  4:48  SCV x3, Marine, Refinery  
  61  4:52  Supply Depot  
  65  4:55  Engineering Bay x2  
  65  4:56  Starport Reactor  
  65  5:00  SCV x3  
  65  5:06  Refinery  
  67  5:09  Marine  
  67  5:12  SCV x2  
  71  5:15  Orbital Command, Supply Depot  
  70  5:21  Barracks  
  70  5:23  Barracks  
  70  5:24  SCV x2  
  70  5:25  Terran Infantry Weapons Level 1, Terran Infantry Armor Level 1  
  70  5:28  Marine x2  
  72  5:32  Marine  
  72  5:33  Combat Shield  
  72  5:34  Factory Reactor  
  75  5:36  SCV x2  
  75  5:37  Marine x2  
  75  5:41  SCV  
  80  5:43  Medivac  
  80  5:48  Medivac, Supply Depot  
  80  5:49  Marine x2  
  85  5:50  Marine  
  85  5:52  SCV  
  85  5:54  SCV x2  
  90  5:57  Marine x2  
  90  6:00  Supply Depot  
  92  6:04  SCV  
  92  6:05  Supply Depot  
  92  6:09  SCV, Marine  
  92  6:10  SCV  
  92  6:11  Armory  
  96  6:12  Supply Depot  
  96  6:14  Barracks Reactor, Refinery  
  96  6:15  Barracks Reactor  
  96  6:17  Widow Mine  
  98  6:19  SCV  
  98  6:22  Marine x2, SCV  
  98  6:25  Marine x2  
  102  6:26  SCV  
  102  6:29  Factory  
  102  6:31  Supply Depot, SCV  
  106  6:34  Supply Depot, Marine  
  106  6:35  SCV  
  108  6:40  Marine x2, Widow Mine x2  
  108  6:42  SCV  
  108  6:43  Marine, SCV  
  108  6:45  Medivac  
  119  6:47  Marine, Medivac  
  119  6:53  Supply Depot, Marine  
  123  6:55  Marine x2  
  123  6:59  Marine x2  
  127  7:03  Marine x2, Widow Mine x2  
  127  7:04  Marine  
  127  7:05  Marine  
  132  7:09  Supply Depot  
  132  7:10  Marine  
  132  7:13  Marine  
  132  7:14  Medivac  
  132  7:15  Marine  
  137  7:16  Command Center  
  137  7:18  Factory Tech Lab  
  137  7:20  Marine x2  
  137  7:21  Marine  
  140  7:24  Marine x2  
  140  7:25  Supply Depot  
  142  7:30  Terran Infantry Weapons Level 2  
  142  7:33  Marine  
  142  7:36  Marine  
  144  7:40  Marine x3, Widow Mine  
  144  7:41  Marine  
  144  7:42  Widow Mine x2  
  154  7:45  Supply Depot  
  154  7:46  Marine  
  154  7:47  Supply Depot, Marine x2  
  154  7:51  Marine  
  153  7:54  SCV, Marine  
  153  7:55  SCV  
  153  7:58  Marine  
  146  8:01  Widow Mine  
  149  8:05  Widow Mine, Marine  
  149  8:06  Marine, Widow Mine  
  149  8:09  Barracks x2  
  149  8:10  Barracks  
  149  8:12  SCV  
  151  8:14  Marine  
  151  8:16  Marine x4  
  151  8:17  Medivac x2  
  151  8:18  Marine  
  159  8:22  Marine  
  159  8:25  Drilling Claws  
  156  8:27  Marine  
  156  8:28  SCV, Widow Mine  
  156  8:30  Sensor Tower  
  156  8:31  SCV  
  156  8:33  Widow Mine  
  161  8:35  Supply Depot  
  161  8:39  Terran Infantry Armor Level 2  
  162  8:41  Widow Mine  
  162  8:43  Marine x2  
  162  8:44  SCV  
  162  8:47  Marine  
  166  8:50  Medivac  
  166  8:51  Widow Mine  
  166  8:52  Marine  
  154  8:56  Barracks Tech Lab  
  154  8:57  Marine, Medivac  
  154  8:58  Widow Mine  
  154  8:59  Marine x3  
  154  9:00  Barracks Tech Lab x2  
  147  9:03  SCV x3  
  147  9:06  Planetary Fortress  
  150  9:13  Widow Mine  
  150  9:14  Marine x2, Widow Mine  
  150  9:15  Marine, SCV x2  
  159  9:18  Terran Vehicle And Ship Armor Level 1  
  159  9:20  Widow Mine  
  161  9:29  Refinery, Ghost Academy  
  161  9:31  Refinery  
  161  9:37  Command Center  
  161  9:38  Marine  
  162  9:40  Medivac  
  162  9:42  Medivac  
  162  9:43  Widow Mine, Marine  
  162  9:50  Widow Mine, Marine  
  162  9:51  Marine  
  164  9:58  Widow Mine  
  150  10:00  Marauder  
  150  10:01  Marauder x3, Marine x6  
  150  10:06  SCV  
  165  10:08  Marine  
  165  10:10  Medivac  
  165  10:11  SCV x2  
  165  10:12  SCV, Medivac  
  165  10:14  Sensor Tower, Missile Turret  
  173  10:17  Widow Mine  
  173  10:19  Marine  
  173  10:20  Marine x3  
  174  10:22  Marine, Marauder x4  
  174  10:24  Marine  
  174  10:27  Marine  
  174  10:28  Marine, Widow Mine  
  185  10:29  SCV  
  185  10:32  Terran Infantry Weapons Level 3  
  185  10:34  Widow Mine  
  186  10:37  Marine  
  186  10:41  Command Center  
  187  10:46  Ghost x2  
  187  10:49  Ghost  
  192  10:52  Marine x3  
  192  10:57  Widow Mine  
  192  11:02  Widow Mine x2  
  194  11:06  Ghost, Marine  
  193  11:15  Ghost x2  
  193  11:17  Ghost  
  193  11:27  Unknown  
  193  11:28  Sensor Tower, Missile Turret  
  193  11:34  Ghost, Command Center, Missile Turret  
  193  11:37  Refinery  
  195  11:40  Missile Turret  
  195  11:41  Widow Mine  
  195  11:43  Ghost x2  
  195  11:46  Ghost  
  198  11:49  Terran Vehicle And Ship Armor Level 2  
  198  11:51  Widow Mine  
  195  11:56  Widow Mine  
  195  12:00  Marine  
  186  12:02  Widow Mine  
  186  12:03  Ghost, Marine x2  
  186  12:04  Marine x2  
  186  12:05  Marine  
  186  12:07  Planetary Fortress  
  195  12:12  Ghost  
  195  12:13  Marauder, Widow Mine  
  199  12:18  Terran Infantry Armor Level 3  
  199  12:20  Orbital Command  
  199  12:25  Command Center  
  199  12:31  Fusion Core  
  199  12:32  Starport  
  199  12:36  Missile Turret  
  199  12:44  Ghost  
  198  12:45  Ghost x2  
  200  12:53  Ghost  
  200  13:01  Medivac  
  200  13:05  Marine x2, Medivac  
  176  13:06  Marine x3  
  176  13:07  Marine x2  
  176  13:08  SCV  
  176  13:09  Marine, SCV  
  181  13:13  Orbital Command, Marauder  
  181  13:15  SCV  
  181  13:18  SCV  
  182  13:21  Widow Mine  
  182  13:22  Marine  
  182  13:23  Marine x2  
  182  13:24  Marine x2  
  182  13:25  Widow Mine, Marine x4  
  182  13:26  SCV  
  158  13:28  Marine  
  158  13:29  SCV  
  158  13:31  Medivac  
  158  13:33  SCV  
  146  13:34  Marauder  
  146  13:36  Factory Reactor  
  146  13:40  Starport Reactor, Advanced Ballistics, Marine  
  146  13:41  SCV x2, Marine  
  143  13:42  Orbital Command x2  
  143  13:43  SCV, Widow Mine  
  143  13:44  SCV  
  143  13:45  Marine, SCV  
  143  13:47  SCV, Widow Mine  
  149  13:49  Marine  
  149  13:51  Marine  
  149  13:53  SCV  
  152  13:56  SCV  
  152  13:57  Barracks Tech Lab  
  152  13:58  Marauder, Marine  
  152  14:02  Viking  
  158  14:03  SCV  
  158  14:04  Widow Mine  
  158  14:09  Viking  
  163  14:11  SCV  
  163  14:14  SCV  
  163  14:15  Widow Mine x2  
  167  14:19  Widow Mine  
  167  14:20  Marine  
  167  14:22  Orbital Command  
  170  14:32  Viking  
  170  14:33  Command Center  
  170  14:34  Liberator x2, Missile Turret  
  170  14:38  Terran Vehicle And Ship Armor Level 3  
  178  14:51  Liberator  
  178  14:52  Caduceus Reactor, Ghost, Starport  
  181  14:55  Ghost  
  183  15:00  Orbital Command  
  183  15:01  Marauder  
  183  15:05  Marine x2  
  187  15:08  Widow Mine  
  187  15:11  Medivac  
  181  15:15  Widow Mine, Marine  
  181  15:16  Marine x3  
  181  15:17  SCV x3  
  181  15:18  SCV, Marine  
  177  15:21  Marauder  
  177  15:23  SCV, Marauder  
  177  15:24  Marauder  
  177  15:25  Marine  
  185  15:29  Liberator  
  185  15:30  Liberator  
  185  15:31  Starport Reactor, Factory Reactor  
  191  15:36  Refinery  
  191  15:38  SCV x3, Refinery  
  191  15:40  SCV  
  197  15:43  Marauder  
  197  15:44  Marauder, SCV  
  197  15:47  Widow Mine, Marine  
  180  15:50  Marauder, Marine  
  180  15:56  Widow Mine  
  174  15:58  Marine  
  174  15:59  Planetary Fortress, SCV  
  174  16:01  Liberator, SCV  
  174  16:02  Liberator  
  174  16:03  Ghost  
  183  16:04  Barracks Tech Lab  
  183  16:05  Ghost  
  183  16:08  Orbital Command, SCV  
  183  16:09  SCV, Widow Mine  
  189  16:13  SCV  
  189  16:15  Sensor Tower  
  190  16:23  Liberator  
  190  16:24  Liberator  
  196  16:28  Sensor Tower  
  196  16:29  Missile Turret, SCV  
  196  16:30  SCV x2  
  199  16:36  SCV  
  200  16:41  Marauder  
  200  16:54  Orbital Command  
  198  16:57  Personal Cloaking, Ghost  
  198  16:59  Widow Mine  
  198  17:00  SCV  
  192  17:02  Medivac  
  192  17:06  Marine x4, Widow Mine  
  192  17:08  Ghost  
  187  17:11  SCV  
  187  17:12  SCV  
  187  17:13  Widow Mine  
  189  17:15  SCV  
  189  17:20  SCV  
  189  17:24  Medivac  
  189  17:25  Ghost, Widow Mine  
  193  17:30  Medivac  
  193  17:31  SCV, Marine x2  
  193  17:34  Unknown, Sensor Tower, Missile Turret, SCV x2  
  200  17:44  Command Center  
  196  17:52  Factory  
  196  17:56  SCV x2  
  196  17:57  SCV  
  196  17:58  SCV  
  197  18:01  Medivac  
  197  18:02  Widow Mine, SCV  
  200  18:08  Widow Mine  
  200  18:11  Ghost  
  195  18:12  Ghost  
  195  18:17  Liberator, Missile Turret  
  195  18:18  Sensor Tower  
  195  18:19  SCV  
  199  18:20  Command Center  
  195  18:27  Ghost  
  195  18:30  Ghost  
  181  18:35  Marine  
  181  18:36  SCV, Marine x2  
  181  18:39  Marine, Widow Mine  
  181  18:40  Ghost, Widow Mine, Marine  
  181  18:41  Ghost, SCV  
  194  18:44  SCV  
  194  18:45  SCV  
  194  18:46  SCV x2  
  194  18:47  SCV x2  
  200  18:50  Refinery  
  200  18:59  Factory Reactor  
  200  19:04  Terran Ship Weapons Level 1, Neosteel Armor  
  200  19:06  Hi-Sec Auto Tracking  
  194  19:18  Medivac  
  194  19:24  Sensor Tower, Missile Turret, Marauder  
  198  19:29  SCV  
  199  19:32  Orbital Command  
  199  19:33  Nuke, Starport  
  199  19:51  Widow Mine  
  199  19:52  Ghost  
  200  19:57  Widow Mine x2  
  200  19:58  Orbital Command  
  200  19:59  Command Center  
  193  20:01  Liberator  
  193  20:02  Liberator  
  193  20:03  Liberator  
  193  20:04  Widow Mine  
  193  20:05  Marauder  
  188  20:07  Ghost  
  188  20:09  Ghost  
  188  20:10  Marine x4  
  188  20:12  Liberator, Widow Mine  
  189  20:17  SCV  
  189  20:18  Widow Mine x2  
  189  20:20  Ghost  
  194  20:23  Concussive Shells  
  194  20:25  Widow Mine  
  194  20:26  Liberator  
  194  20:27  SCV  
  200  20:31  Orbital Command  
  199  20:39  Sensor Tower, Command Center  
  199  20:40  Missile Turret  
  199  20:45  Missile Turret  
  199  20:46  Missile Turret  
  199  20:47  Planetary Fortress, Missile Turret  
  197  20:50  Marauder  
  197  20:52  Widow Mine  
  197  20:53  Marine  
  198  20:57  Widow Mine  
  200  21:09  Command Center  
  200  21:10  Refinery  
  200  21:11  Refinery  
  198  21:14  Ghost  
  193  21:19  Cyclone x2, Widow Mine  
  193  21:20  Liberator  
  193  21:22  SCV  
  193  21:24  Marine  
  200  21:32  Marine  
  187  21:33  Marine  
  187  21:34  Marine  
  187  21:39  Marine, Widow Mine  
  165  21:41  Widow Mine  
  165  21:45  SCV, Marine  
  169  21:47  SCV x2  
  169  21:51  Sensor Tower  
  169  21:52  Liberator, Missile Turret x2, Widow Mine  
  169  21:53  Liberator x2  
  184  21:58  Marauder x2, Marine x3  
  184  21:59  Marauder  
  184  22:00  Widow Mine  
  192  22:02  Cyclone  
  192  22:04  SCV  
  192  22:05  Marauder, Marine, SCV  
  192  22:08  SCV, Marine  
  195  22:09  Marine  
  195  22:10  Starport Reactor  
  196  22:17  Orbital Command  
  196  22:19  Widow Mine  
  196  22:22  Widow Mine  
  200  22:42  Ghost  
  200  22:53  Command Center  
  200  22:58  Marine  
  198  23:01  Ghost  
  198  23:02  Marine x2  
  193  23:08  Ghost  
  196  23:12  Orbital Command  
  180  23:13  Ghost x2, Medivac  
  180  23:15  Marine x2, Widow Mine  
  180  23:17  Marine x4  
  180  23:19  Widow Mine  
  159  23:22  Marine x2  
  151  23:30  Ghost  
  151  23:32  Orbital Command  
  151  23:33  Marine  
  154  23:35  Marine x2  
  154  23:36  Widow Mine  
  154  23:37  Ghost  
  154  23:38  Marine  
  154  23:39  Marine  
  162  23:42  Ghost x2  
  162  23:43  Marine  
  162  23:47  Widow Mine  
  162  23:48  SCV, Medivac x2  
  173  23:49  SCV  
  175  23:58  Ghost, Widow Mine  
  175  24:01  Marine x2  
  174  24:06  Widow Mine  
  174  24:08  Ghost  
  172  24:17  Medivac  
  172  24:20  Widow Mine  
  172  24:21  Marine, Medivac  
  172  24:22  Marine  
  175  24:31  Widow Mine, Marine x2  
  178  24:33  Marine x2  
  178  24:37  Widow Mine, Marine  
  184  24:38  Marine  
  184  24:40  Marine x2  
  178  24:48  Ghost  
  178  24:52  Medivac  
  164  24:54  Ghost  
  164  24:56  Widow Mine, Marine x2  
  164  24:57  Marine  
  164  24:59  Marine  
  170  25:02  Medivac  
  170  25:05  Medivac  
  174  25:08  Medivac  
  174  25:12  Medivac  
  174  25:13  SCV  
  181  25:14  Widow Mine  
  178  25:24  Medivac  
  169  25:29  Widow Mine  
  171  25:36  Medivac  
  171  25:40  SCV x2  
  172  25:46  Widow Mine  
  172  25:54  Widow Mine  
Show
View Real Time Build Order
Export as new Build Order

Solar Zerg 

Build Orders: Hatch First, Lurkers 

Get SALT Encoding   

  12  0:00  Drone  
  13  0:12  Overlord  
  13  0:17  Drone  
  14  0:30  Drone x2  
  16  0:47  Hatchery  
  15  0:51  Drone  
  15  0:55  Drone  
  17  0:58  Drone  
  18  1:09  Extractor  
  17  1:13  Spawning Pool  
  17  1:16  Drone  
  17  1:20  Drone  
  18  1:28  Drone  
  19  1:38  Drone  
  20  1:49  Drone  
  21  2:00  Zergling x4, Queen x2  
  27  2:12  Zergling x2  
  27  2:14  Overlord  
  28  2:28  Metabolic Boost  
  28  2:33  Drone  
  28  2:34  Drone, Hatchery  
  28  2:35  Drone  
  30  2:42  Queen  
  32  2:48  Overlord  
  32  2:50  Drone  
  32  2:53  Drone  
  32  2:56  Drone  
  32  2:58  Drone  
  35  3:07  Drone x2  
  35  3:08  Drone x3  
  40  3:18  Queen  
  42  3:21  Overlord  
  42  3:22  Drone  
  43  3:35  Overlord  
  43  3:38  Queen  
  43  3:40  Drone  
  43  3:41  Drone x3  
  49  3:46  Queen  
  49  3:47  Drone  
  52  3:50  Drone x4  
  52  3:51  Drone  
  52  3:54  Drone  
  58  3:59  Drone x2  
  58  4:02  Overlord  
  60  4:04  Spore Crawler  
  60  4:08  Zergling x2  
  61  4:11  Drone  
  61  4:13  Zergling x2  
  63  4:18  Overlord  
  63  4:19  Queen  
  63  4:21  Queen, Overlord  
  63  4:22  Drone x2  
  63  4:23  Drone  
  70  4:27  Zergling x2  
  70  4:29  Overlord  
  71  4:33  Overlord  
  71  4:34  Overlord  
  71  4:40  Spore Crawler  
  71  4:41  Extractor  
  71  4:42  Drone, Evolution Chamber x2  
  71  4:43  Spore Crawler  
  71  4:45  Drone x2  
  68  4:50  Zergling x4  
  68  4:52  Drone x2  
  73  4:55  Drone x3  
  73  4:57  Drone  
  73  4:58  Queen  
  79  5:00  Drone  
  79  5:02  Drone  
  79  5:03  Drone x2  
  79  5:05  Overlord  
  82  5:08  Zergling x4  
  82  5:13  Drone  
  85  5:19  Drone x2  
  85  5:20  Extractor  
  86  5:27  Drone  
  86  5:30  Drone x2  
  86  5:33  Drone x3  
  86  5:35  Zerg Melee Weapons Level 1, Zerg Ground Armor Level 1  
  91  5:36  Drone x3  
  91  5:37  Hatchery  
  91  5:40  Overlord  
  91  5:42  Drone x4  
  97  5:48  Lair  
  97  5:49  Drone  
  98  5:50  Extractor x2  
  98  5:52  Overlord  
  96  5:57  Zergling x4  
  96  5:59  Baneling Nest  
  97  6:07  Unknown, Overlord  
  97  6:09  Drone x3  
  97  6:10  Zergling x10  
  104  6:12  Drone  
  104  6:14  Drone x2  
  104  6:16  Hatchery  
  106  6:18  Overlord  
  106  6:19  Drone  
  106  6:20  Drone  
  108  6:29  Drone x2  
  110  6:33  Zergling x2  
  110  6:38  Drone  
  112  6:42  Zergling x18  
  112  6:43  Baneling x11  
  112  6:46  Baneling  
  121  6:49  Zergling x2  
  121  6:50  Queen  
  121  6:51  Hatchery  
  121  6:53  Overlord  
  121  6:58  Drone  
  121  7:00  Drone  
  122  7:02  Zergling x2  
  122  7:04  Drone  
  122  7:05  Drone x2  
  122  7:08  Hydralisk Den  
  124  7:09  Centrifugal Hooks  
  124  7:10  Drone  
  124  7:11  Drone x2  
  124  7:13  Zergling x14, Overseer  
  124  7:14  Pneumatized Carapace  
  134  7:15  Baneling x2  
  134  7:16  Overlord  
  134  7:18  Zergling x4  
  134  7:21  Drone  
  137  7:23  Baneling x2  
  137  7:25  Zergling x2  
  137  7:28  Drone  
  137  7:29  Zergling x4  
  141  7:34  Overlord  
  140  7:41  Zergling x26  
  140  7:43  Queen  
  145  7:51  Queen  
  145  7:56  Drone x7  
  145  7:57  Baneling x12  
  146  8:03  Drone x5  
  146  8:05  Drone, Overlord  
  151  8:06  Drone x2  
  151  8:12  Hydralisk x4  
  151  8:13  Hydralisk  
  151  8:14  Zerg Melee Weapons Level 2  
  151  8:15  Zerg Ground Armor Level 2  
  151  8:16  Extractor, Infestation Pit  
  156  8:20  Zergling x2  
  156  8:23  Queen  
  156  8:24  Hydralisk x5  
  156  8:26  Zergling x2  
  167  8:29  Extractor  
  167  8:30  Overseer  
  165  8:34  Zergling x4  
  165  8:35  Zergling x12  
  165  8:38  Grooved Spines  
  172  8:42  Zergling x2  
  172  8:43  Zergling x2  
  172  8:44  Baneling x2  
  172  8:48  Baneling x2  
  172  8:49  Hydralisk  
  172  8:50  Hydralisk x4  
  162  8:57  Zergling x10  
  162  9:00  Overlord  
  162  9:01  Hive  
  157  9:03  Zergling x12  
  157  9:06  Lurker Den  
  157  9:07  Overseer  
  157  9:08  Drone x5  
  167  9:10  Baneling x6  
  167  9:13  Hydralisk x3  
  167  9:14  Hydralisk  
  167  9:15  Overlord  
  167  9:17  Zergling x2  
  176  9:25  Zergling x8  
  176  9:29  Muscular Augments  
  180  9:33  Zergling x2, Hydralisk x2  
  180  9:34  Zergling x16  
  180  9:38  Baneling x7  
  193  9:39  Overlord  
  193  9:43  Zergling x20  
  187  9:57  Hydralisk  
  187  9:58  Zergling x2, Hydralisk x4  
  187  9:59  Zergling x2, Queen  
  183  10:04  Queen  
  183  10:05  Zergling x14  
  194  10:07  Baneling x8  
  194  10:10  Spore Crawler  
  194  10:12  Zergling x2  
  194  10:13  Zergling x6  
  197  10:16  Adrenal Glands  
  196  10:22  Viper  
  196  10:28  Zergling x12  
  200  10:31  Zerg Missile Weapons Level 1, Hatchery  
  200  10:32  Overlord  
  200  10:34  Overseer  
  197  10:37  Zerg Ground Armor Level 3  
  197  10:39  Zergling x6  
  197  10:42  Seismic Spines  
  196  10:59  Zergling x14  
  199  11:05  Hatchery  
  199  11:06  Queen  
  199  11:09  Zergling x2  
  199  11:10  Zergling x20  
  197  11:13  Zergling x10  
  197  11:15  Overseer x2  
  197  11:17  Overseer  
  198  11:22  Nydus Network  
  195  11:39  Baneling, Adaptive Talons  
  195  11:40  Baneling x12  
  197  11:47  Drone x2  
  197  11:48  Drone x2  
  197  11:52  Hatchery  
  193  11:59  Zergling x14  
  193  12:01  Overlord x2  
  192  12:03  Overlord x3  
  192  12:04  Overseer  
  192  12:05  Overseer  
  189  12:08  Overlord  
  189  12:11  Overlord  
  189  12:19  Spore Crawler  
  189  12:22  Lurker x9  
  197  12:23  Hydralisk  
  197  12:24  Zergling x2, Overseer  
  200  12:32  Baneling x5  
  200  12:40  Nydus Canal  
  188  12:45  Zergling x26  
  199  12:57  Nydus Canal  
  195  12:59  Zergling x18  
  195  13:02  Zergling x6  
  197  13:06  Zergling x4  
  197  13:10  Zerg Melee Weapons Level 3  
  199  13:13  Zergling x2  
  199  13:14  Zerg Missile Weapons Level 2  
  199  13:16  Hydralisk x4  
  185  13:23  Zergling x48  
  196  13:27  Hydralisk  
  186  13:36  Zergling x14  
  186  13:40  Zergling x2  
  182  13:44  Zergling x16  
  190  13:50  Lurker x2, Baneling x6  
  190  13:51  Lurker x7  
  190  13:54  Baneling x7  
  199  13:58  Hatchery  
  199  13:59  Baneling x2  
  199  14:00  Spore Crawler  
  199  14:01  Zergling x6  
  199  14:13  Nydus Canal  
  199  14:14  Overlord  
  199  14:17  Zergling x2  
  199  14:23  Zergling x14  
  199  14:24  Zergling x16  
  200  14:29  Zergling x10  
  199  14:33  Baneling x9  
  199  14:34  Overseer x4  
  199  14:36  Nydus Canal  
  199  14:42  Baneling x3  
  199  14:43  Baneling x2  
  199  14:51  Overseer, Nydus Canal  
  199  14:55  Zergling x8  
  199  15:02  Zergling x2  
  200  15:12  Viper  
  200  15:13  Viper x2  
  191  15:14  Hydralisk x3  
  191  15:15  Zergling x16  
  191  15:16  Zergling x8  
  200  15:23  Overseer, Nydus Canal  
  200  15:29  Baneling x12  
  200  15:31  Extractor  
  198  15:37  Overlord  
  198  15:38  Zergling x2  
  199  15:47  Hydralisk x3  
  175  15:51  Overlord  
  175  15:53  Hydralisk x5  
  175  15:54  Zergling x34  
  175  15:55  Overlord  
  175  15:57  Hydralisk x4  
  183  15:58  Zergling x4  
  183  16:00  Overseer  
  183  16:03  Overseer  
  183  16:04  Hydralisk x2  
  189  16:05  Overseer x3  
  189  16:06  Baneling x4  
  189  16:07  Hydralisk x3  
  189  16:09  Zergling x2  
  200  16:15  Nydus Canal  
  200  16:20  Overseer, Baneling x9  
  200  16:25  Zerg Missile Weapons Level 3  
  200  16:34  Nydus Canal  
  196  16:41  Zergling x6  
  196  16:47  Zergling x6, Hatchery  
  191  16:55  Hydralisk x3  
  191  16:56  Zergling x14  
  191  16:59  Zergling x2  
  191  17:00  Zergling x4  
  200  17:01  Nydus Canal  
  200  17:04  Overlord  
  192  17:09  Zergling x16, Overlord  
  192  17:10  Overlord x4  
  192  17:11  Overseer  
  192  17:15  Baneling x11  
  199  17:18  Nydus Canal  
  199  17:19  Overlord  
  195  17:24  Zergling x12  
  195  17:28  Overlord  
  195  17:29  Overseer x5  
  192  17:30  Zergling x16  
  192  17:35  Baneling x8  
  200  17:39  Nydus Canal  
  200  17:40  Zergling x6  
  200  17:41  Overseer  
  199  17:48  Zergling x2  
  199  17:49  Zergling x2  
  199  17:53  Zergling x2  
  199  17:54  Zergling x22  
  200  18:03  Hydralisk  
  200  18:04  Zergling x2, Nydus Canal  
  199  18:07  Hydralisk x2  
  199  18:12  Zergling x18  
  200  18:16  Baneling x6  
  200  18:26  Hydralisk x3  
  198  18:28  Hydralisk  
  198  18:32  Viper x4  
  192  18:35  Zergling x14  
  192  18:39  Zergling x16  
  199  18:43  Nydus Canal  
  199  18:47  Extractor x2  
  194  18:51  Zergling x10  
  194  18:53  Baneling x27  
  194  18:54  Spore Crawler  
  198  18:58  Zergling x2  
  198  19:00  Extractor  
  198  19:02  Nydus Canal  
  196  19:03  Extractor  
  196  19:04  Zergling x12  
  196  19:09  Baneling x14  
  200  19:16  Zergling x8  
  200  19:29  Zergling x4  
  200  19:30  Zergling x2  
  200  19:42  Nydus Canal  
  194  19:53  Hydralisk  
  194  19:54  Zergling x8, Hydralisk x2  
  194  19:55  Zergling x10  
  194  19:56  Zergling x2  
  196  20:04  Hydralisk x4  
  196  20:05  Zergling x14, Hydralisk  
  196  20:06  Zergling x6  
  192  20:08  Hydralisk x5  
  192  20:11  Hydralisk x2  
  197  20:16  Viper x2  
  197  20:17  Hydralisk x2  
  197  20:18  Hydralisk  
  197  20:20  Zergling x12  
  197  20:21  Zergling x6  
  194  20:23  Overlord x2  
  194  20:25  Overlord x2  
  190  20:28  Baneling x11  
  190  20:29  Baneling x4  
  190  20:32  Overlord x4  
  190  20:33  Extractor, Overseer  
  190  20:34  Extractor  
  188  20:36  Baneling  
  188  20:37  Baneling  
  188  20:40  Overlord  
  188  20:41  Zergling x2  
  188  20:42  Zergling x14  
  191  20:43  Zergling x10  
  191  20:44  Baneling x4  
  191  20:46  Overseer x2  
  191  20:48  Zergling x4  
  191  20:55  Zergling x2  
  191  20:56  Zergling x22  
  193  21:00  Zergling x10  
  193  21:02  Nydus Canal  
  197  21:05  Zergling x4  
  197  21:07  Zergling x2  
  200  21:18  Hydralisk x3  
  183  21:19  Zergling x14  
  183  21:22  Infestor x3, Hatchery  
  183  21:23  Zergling x10  
  179  21:35  Hydralisk x6  
  179  21:36  Zergling x6  
  174  21:44  Hydralisk x2  
  174  21:45  Zergling x18  
  165  21:47  Zergling x6  
  165  21:48  Baneling x4  
  165  21:51  Zergling x10  
  174  21:54  Zergling x10  
  174  21:58  Zergling x4  
  174  21:59  Zergling x2  
  181  22:02  Hydralisk  
  181  22:05  Baneling x11  
  181  22:06  Zergling x10  
  181  22:08  Zergling x4  
  182  22:10  Overseer  
  182  22:11  Zergling x2, Baneling x2  
  182  22:12  Zergling x2  
  182  22:14  Zergling x4  
  182  22:15  Overseer  
  186  22:22  Hydralisk x3  
  183  22:23  Zergling x18  
  183  22:28  Zergling x4  
  183  22:29  Burrow  
  199  22:41  Zergling x4  
  200  22:45  Zergling x4  
  200  22:47  Baneling x14  
  200  22:51  Extractor, Spore Crawler  
  198  22:52  Zergling x2  
  198  22:53  Zergling x2  
  199  23:01  Zergling x6  
  199  23:02  Zergling x4  
  199  23:04  Hydralisk x3  
  199  23:05  Zergling x2  
  182  23:13  Hydralisk x5  
  182  23:14  Zergling x12  
  182  23:15  Zergling x20  
  187  23:20  Hydralisk x4  
  187  23:21  Zergling x10  
  187  23:24  Hydralisk  
  187  23:25  Hydralisk x2  
  191  23:27  Zergling x2  
  191  23:28  Zergling x4  
  191  23:31  Zergling x2  
  191  23:32  Zergling x2  
  196  23:35  Zergling x6  
  196  23:37  Baneling x6  
  196  23:40  Zergling x6  
  198  23:43  Overseer  
  198  23:44  Overseer  
  198  23:47  Zergling x2  
  199  23:50  Baneling x7  
  197  23:56  Zergling x10, Queen x4  
  187  24:05  Zergling x20  
  186  24:12  Drone x10  
  186  24:14  Zergling x4  
  186  24:15  Zergling x8  
  186  24:16  Hydralisk x2  
  186  24:26  Infestor x4  
  186  24:28  Baneling x2  
  191  24:36  Baneling x4  
  191  24:38  Zergling x8  
  195  24:45  Zergling x12  
  162  24:52  Zergling x2  
  162  24:53  Zergling x8  
  162  25:01  Zergling x6  
  162  25:05  Baneling x10  
  161  25:07  Zergling x2  
  161  25:09  Infestor x2  
  161  25:14  Drone x2  
  161  25:15  Drone x3  
  164  25:24  Infestor x2  
  157  25:28  Hydralisk x3  
  157  25:29  Zergling x2  
  157  25:32  Zergling x6  
  157  25:34  Zergling x4  
  163  25:41  Zergling x8  
  160  25:47  Zergling x8  
  156  25:52  Hydralisk  
  156  25:55  Zergling x6  
  149  26:03  Zergling x4  
  149  26:04  Zergling x6  
  140  26:10  Zergling x8  

Tags
 
Add a new tag
Caveats
  • Supply blocks, unpowered buildings, or Contaminate may cause inaccurate times.
  • Supply counts are checked every 10 seconds.